 Dungeon Crawl Stone Soup version 0.21-a0-633-g4c047d5 (webtiles) character file.

265 Esekla the Charmwright (level 5, -10/26 HPs)
             Began as a Spriggan Skald on Dec 28, 2017.
             Killed by divine providence
             ... invoked by an orc priest
              (12 damage)
             ... on level 6 of the Dungeon on Dec 29, 2017.
             The game lasted 00:29:57 (3030 turns).

Esekla the Charmwright (Spriggan Skald)             Turns: 3030, Time: 00:29:58

Health: -10/26     AC:  2    Str:  7    XL:     5   Next: 99%
Magic:  10/11      EV: 20    Int: 15    God:
Gold:   200        SH:  0    Dex: 16    Spells: 3/11 levels left

rFire    . . .     SeeInvis +   a - +0 short sword
rCold    . . .     Gourm    .   (shield restricted)
rNeg     . . .     Faith    .   b - +0 robe
rPois    .         Spirit   .   (helmet restricted)
rElec    .         Reflect  .   (no cloak)
rCorr    .         Harm     .   (gloves unavailable)
MR       .....                  (boots unavailable)
Stlth    ++........             (no amulet)
HPRegen  0.08/turn              (no ring)
MPRegen  0.12/turn              (no ring)

@: very quick
A: very small, unfitting armour, see invisible, herbivore, speed 3, slow
metabolism 2
a: no special abilities


You were on level 6 of the Dungeon.
You were not hungry.

You visited 1 branch of the dungeon, and saw 6 of its levels.

You collected 200 gold pieces.

Inventory:

Hand Weapons
 a - a +0 short sword (weapon)
 t - a +0 hunting sling
Missiles
 i - 54 stones (quivered)
 j - 23 sling bullets
Armour
 b - a +0 robe (worn)
Jewellery
 l - an uncursed ring of ice {unknown}
 u - an uncursed ring of stealth {unknown}
Scrolls
 f - 3 scrolls of identify {unknown}
 h - 3 scrolls of teleportation {unknown}
 n - 2 scrolls of enchant armour {unknown}
 o - 3 scrolls of amnesia {unknown}
 p - a scroll of blinking {unknown}
 s - a scroll of enchant weapon {unknown}
 v - a scroll of fear {unknown}
Potions
 e - 2 potions of haste {unknown}
 g - a potion of brilliance {unknown}
 k - a potion of heal wounds {unknown}
 m - a potion of lignification {unknown}
 q - a potion of curing {unknown}
 r - a potion of magic {unknown}
Books
 c - a book of Battle

   Spells                             Type                      Level
   a - Infusion                       Charms                       1
   b - Shroud of Golubria             Charms/Translocation         2
   c - Song of Slaying                Charms                       2
   d - Spectral Weapon                Hexes/Charms                 3
   e - Regeneration                   Charms/Necromancy            3
Comestibles
 d - 7 rations


   Skills:
 - Level 2.0 Fighting
 * Level 4.8 Short Blades
 + Level 4.7 Dodging
 + Level 1.1 Stealth
 + Level 3.7 Spellcasting
 + Level 5.2 Charms
 + Level 2.3 Translocations


You had 3 spell levels left.
You knew the following spells:

 Your Spells              Type           Power        Failure   Level  Hunger
a - Infusion              Chrm           ###.         2%          1    None
b - Shroud of Golubria    Chrm/Tloc      ##........   6%          2    ##.....
c - Song of Slaying       Chrm           ###.....     3%          2    ##.....
d - Spectral Weapon       Hex/Chrm       ##......     19%         3    ###....


Dungeon Overview and Level Annotations

Branches:
Dungeon (6/15)
 Temple: D:4-7

Altars:
Dithmenos

Annotations:
D:3 xfalz's ghost, amateur TrFi
D:4 isock's ghost, amateur GnWn


Innate Abilities, Weirdness & Mutations

You are very small and have problems with some larger weapons.
You are too small for most types of armour.
You have supernaturally acute eyesight. (SInv)
You are a herbivore.
You cover ground extremely quickly.
You need consume almost no food.


Message History

You see here a bullfrog corpse.
An orc wizard comes into view. It is wielding a dagger.
Found 16 gold pieces.
An ogre comes into view. It is wielding a giant club.
The ogre shouts!
You hear a croak.
A bullfrog comes into view.
You now have 200 gold pieces (gained 16).
A centaur skeleton comes into view.
There are no items here.
The orc wizard points at you and mumbles some strange words.
The puff of flame hits you!
* * * LOW HITPOINT WARNING * * *
An orc priest comes into view. It is wielding a mace.
The orc priest shouts!
The orc priest moves out of view.
Found a pink potion.
You see here a bullfrog corpse.
The orc priest invokes the aid of Beogh against you.
Beogh smites you!
You die...

#.# #.##.#.#.# #.#
#.##.#...# #.#
#.##...#.# #.#
###.##...#.# #.#
#...##...#Z# ##.##
#.#####o##.#
##...###.#####.##O#
####..#..##.....Zo...#
....###..@†.####.##o#
#.##..#..##...F.#.##.#
..
##...#######.#.##.###.##
#
##<###.........o.......
#.# #!#########..#####
... ##.# ##### ... ####


You could see a bullfrog, an orc priest and a centaur skeleton.

Vanquished Creatures
  A bullfrog (D:6)
  A jelly (D:5)
  2 worker ants (D:5)
  A hound skeleton (D:5)
  4 adders
  An ooze (D:3)
  A worm (D:4)
  2 dart slugs (D:1)
  5 orcs (D:3)
  2 ball pythons
  3 giant cockroaches
  5 goblins
  5 hobgoblins
  6 jackals
  6 bats
  7 frilled lizards
  A giant cockroach zombie (D:5)
  3 kobolds
  8 rats
64 creatures vanquished.

Notes
Turn   | Place    | Note
-------+----------+-------------------------------------------
     0 | D:1      | Esekla the Spriggan Skald began the quest for the Orb.
     0 | D:1      | Reached XP level 1. HP: 10/10 MP: 5/5
   263 | D:1      | Reached XP level 2. HP: 9/15 MP: 4/6
   325 | D:2      | Learned a level 2 spell: Shroud of Golubria
   328 | D:2      | Learned a level 2 spell: Song of Slaying
   539 | D:3      | Found a shadowy altar of Dithmenos.
   580 | D:3      | Reached XP level 3. HP: 18/18 MP: 8/8
   629 | D:3      | Noticed xfalz's ghost (amateur TrFi)
   632 | D:4      | Noticed isock's ghost (amateur GnWn)
   640 | D:5      | Entered Level 5 of the Dungeon
   693 | D:6      | Noticed an ogre
   870 | D:3      | Found a faded altar of an unknown god.
  1192 | D:1      | Reached skill level 5 in Charms
  1633 | D:2      | Reached XP level 4. HP: 13/23 MP: 3/10
  1834 | D:2      | You fall through a shaft for 2 floors!
  1903 | D:4      | Noticed an ogre
  2124 | D:4      | Reached skill level 1 in Translocations
  2864 | D:5      | Reached XP level 5. HP: 23/26 MP: 6/11
  2869 | D:5      | Learned a level 3 spell: Spectral Weapon
  2945 | D:5      | Noticed a slave
  2974 | D:6      | Reached skill level 1 in Stealth
  3008 | D:6      | Noticed an ogre
  3017 | D:6      | HP: 1/26 [orc wizard/puff of flame (11)]
  3030 | D:6      | Killed from afar by an orc priest

Vault maps used:
D:1:      minmay_arrival_hallway
D:2:      minmay_pentomino_t2
D:3:      chequers_ecumenical_altar_island, grunt_dithmenos_smoke
D:4:      kennysheep_minor_cross
D:5:      first_ration, grunt_ministairs_1, minmay_joined_circles, uniq_pikel,
          uniq_menkaure

Skill      XL: |  1  2  3  4  5 |
---------------+----------------+-----
Spellcasting   | 3 |  3.7
Short Blades   | 3 4 |  4.8
Dodging        | 4 |  4.7
Charms         | 5 |  5.2
Translocations | 1 2 |  2.3
Fighting       | 2 |  2.0
Stealth        | 1 |  1.1

Action                   |  1- 3 |  4- 6 || total
-------------------------+-------+-------++-------
Melee: Short sword       |   161 |   116 ||   277
Throw: Stone             |    12 |     7 ||    19
 Cast: Infusion          |     6 |     4 ||    10
       Shroud of Golubri |     2 |     2 ||     4
       Song of Slaying   |     1 |     3 ||     4
 Stab: Sleeping          |     2 |     2 ||     4
  Eat: Ration            |       |     1 ||     1
Armor: Robe              |    16 |    11 ||    27
Dodge: Dodged            |   119 |    97 ||   216

Table legend:
 A = Spawn XP
 B = Non-spawn XP
 C = Spawn XP percentage of total XP
 D = Spawn monster count
 E = Non-spawn monster count
 F = Spawn count percentage of total count
 G = Total turns spent on level
                    A         B        C        D         E        F      G
               +---------+---------+-------+---------+---------+-------+---------
         Total |       0 |     379 |   0.0 |       0 |      64 |   0.0 |  3030
               +---------+---------+-------+---------+---------+-------+---------
           D:1 |       0 |      33 |   0.0 |       0 |      18 |   0.0 |   753
           D:2 |       0 |      70 |   0.0 |       0 |      24 |   0.0 |  1158
           D:3 |       0 |      33 |   0.0 |       0 |      13 |   0.0 |   674
           D:4 |       0 |      20 |   0.0 |       0 |       3 |   0.0 |   187
           D:5 |       0 |     133 |   0.0 |       0 |       5 |   0.0 |   162
           D:6 |       0 |      90 |   0.0 |       0 |       1 |   0.0 |    96
               +---------+---------+-------+---------+---------+-------+---------
